 Dungeon Crawl Stone Soup version 0.21.1-1-g345015f (webtiles) character file.

270 kae the Shooter (level 6, -1/51 HPs)
             Began as a Centaur Hunter on June 11, 2018.
             Slain by Natasha (3 damage)
             ... on level 3 of the Dungeon.
             The game lasted 00:02:23 (2977 turns).

kae the Shooter (Centaur Hunter)                    Turns: 2977, Time: 00:02:25

Health: -1/51      AC:  4    Str: 14    XL:     6   Next: 1%
Magic:  6/6        EV: 10    Int: 15    God:
Gold:   225        SH:  0    Dex: 12    Spells: 5/5 levels left

rFire    . . .     SeeInvis .   a - +1 shortbow
rCold    . . .     Gourm    .   (shield currently unavailable)
rNeg     . . .     Faith    .   c - +0 leather armour
rPois    .         Spirit   .   (no helmet)
rElec    .         Reflect  .   (no cloak)
rCorr    .         Harm     .   (no gloves)
MR       .....                  (no barding)
Stlth    +.........             (no amulet)
HPRegen  0.17/turn              (no ring)
MPRegen  0.10/turn              (no ring)

@: brilliant, very quick
A: large, hooves 3, deformed body, speed 2, tough skin 3
a: no special abilities


You were on level 3 of the Dungeon.
You were very hungry.

You visited 1 branch of the dungeon, and saw 3 of its levels.

You collected 225 gold pieces.

Inventory:

Hand Weapons
 a - a +1 shortbow (weapon)
 b - a +0 short sword
Missiles
 d - 52 arrows (quivered)
Armour
 c - a +0 leather armour (worn)
Jewellery
 e - an uncursed amulet of magic regeneration {unknown}
Wands
 r - a wand of iceblast (9)
Scrolls
 h - 4 scrolls of remove curse
 i - 2 scrolls of immolation
 n - a scroll of blinking {unknown}
 o - 3 scrolls of identify {unknown}
 q - a scroll of fear {unknown}
Potions
 j - a potion of curing {unknown}
 l - 2 potions of lignification {unknown}
 m - 2 potions of flight {unknown}
 p - a potion of magic {unknown}
Books
 k - a book of Minor Magic

   Spells                             Type                      Level
   a - Magic Dart                     Conjuration                  1
   b - Blink                          Translocation                2
   c - Call Imp                       Summoning                    2
   d - Slow                           Hexes                        2
   e - Conjure Flame                  Conjuration/Fire             3
   f - Mephitic Cloud                 Conjuration/Poison/Air       3
Comestibles
 f - 6 rations


   Skills:
 + Level 3.5 Fighting
 * Level 7.8 Bows
 + Level 2.6 Dodging
 - Level 0.4 Stealth


You had 5 spell levels left.
You didn't know any spells.

Dungeon Overview and Level Annotations

Branches:
Dungeon (3/15)

Altars:

Annotations:
D:3 Natasha


Innate Abilities, Weirdness & Mutations

You have hooves in place of feet.
Armour fits poorly on your strangely shaped body.
You cover ground very quickly.
You have extremely tough skin. (AC +3)


Message History

Aim: Natasha (heavily wounded)
You shoot an arrow. The arrow closely misses Natasha.
The arrow hits the iron imp.
The iron imp is lightly wounded.
Natasha stares at you and mumbles some strange words.
The magic dart hits you!
* * * LOW HITPOINT WARNING * * *
Natasha claws you.
* * * LOW HITPOINT WARNING * * *
Firing (i - inventory):
d - 53 arrows (quivered)
Press: ? - help, Shift-Dir - straight line, f/p - Natasha
Aim: Natasha (heavily wounded)
You shoot an arrow. The arrow hits Natasha.
Natasha is heavily wounded.
You feel yourself speed up. Natasha closely misses you.
It was a potion of brilliance.
You feel clever all of a sudden. Natasha claws you.
You die...

#.........########
########...#.#..##
###.....>.#..
##........#
####..#....#
##...........
###..#######..#
####...## .
(..####5h@.###
..((((..####
...##.(....#
######(.(.. ###.


You could see an iron imp and Natasha.

Vanquished Creatures
  An orc warrior (D:3)
  An orc priest (D:3)
  Natasha (D:3)
  5 adders
  An ooze (D:3)
  A dart slug (D:3)
  A leopard gecko (D:1)
  9 orcs
  A ball python (D:1)
  3 bats
  A giant cockroach (D:2)
  5 goblins
  7 hobgoblins
  2 quokkas
  8 frilled lizards
  7 kobolds
  15 rats
69 creatures vanquished.

Notes
Turn   | Place    | Note
-------+----------+-------------------------------------------
     0 | D:1      | kae the Centaur Hunter began the quest for the Orb.
     0 | D:1      | Reached XP level 1. HP: 17/17 MP: 1/1
   149 | D:1      | Reached XP level 2. HP: 24/24 MP: 2/2
   943 | D:1      | Reached skill level 6 in Bows
  1102 | D:2      | Reached XP level 3. HP: 21/30 MP: 3/3
  1669 | D:2      | Reached XP level 4. HP: 37/37 MP: 4/4
  2460 | D:3      | Noticed Natasha
  2468 | D:3      | Killed Natasha
  2476 | D:3      | Noticed an orc warrior
  2556 | D:3      | Killed an orc warrior
  2556 | D:3      | Reached skill level 7 in Bows
  2556 | D:3      | Reached XP level 5. HP: 12/45 MP: 5/5
  2954 | D:3      | Noticed Natasha
  2966 | D:3      | Reached XP level 6. HP: 30/51 MP: 6/6
  2975 | D:3      | HP: 1/51 [Natasha (6)]
  2977 | D:3      | Slain by Natasha

Skill      XL: |  1  2  3  4 |
---------------+-------------+-----
Bows           | 6 7 |  7.8
Dodging        | 2 |  2.6
Fighting       | 3 |  3.5
Stealth        | |  0.4

Action                   |  1- 3 |  4- 6 || total
-------------------------+-------+-------++-------
Melee: Short sword       |    94 |    82 ||   176
       Kick              |    16 |    13 ||    29
 Fire: Shortbow          |    13 |    52 ||    65
  Use: Scroll            |     3 |       ||     3
       Potion            |       |     1 ||     1
  Eat: Chunk             |     1 |     3 ||     4
Armor: Leather armour    |    34 |    33 ||    67
Dodge: Dodged            |    52 |    42 ||    94
